 Dungeon Crawl Stone Soup version 0.24.0-125-gc4c63601f3 (webtiles) character file.

Game seed: 13425353099658370980, levelgen mode: deterministic

155779 Mesmaeker13 the Warrior (level 17, -12/142 HPs)
             Began as a Demonspawn Gladiator on Feb 25, 2020.
             Was an Elder of Qazlal.
             Mangled by a death scarab (17 damage)
             ... on level 4 of the Spider Nest.
             The game lasted 01:16:01 (32179 turns).

Mesmaeker13 the Warrior (Demonspawn Gladiator)     Turns: 32179, Time: 01:16:02

Health: -12/142    AC: 31    Str: 22    XL:     17   Next: 9%
Magic:  18/27      EV:  9    Int: 13    God:    Qazlal [****..]
Gold:   2482       SH: 23    Dex: 15    Spells: 16/16 levels left

rFire    + . .     SeeInvis +   h - +5 scimitar (flame)
rCold    + . .     Gourm    .   I - +0 shield {rPois}
rNeg     . . .     Faith    .   V - +0 chain mail
rPois    +         Spirit   .   F - +2 hat of the Albatross {Str+4 Slay+3}
rElec    +         Reflect  .   (no cloak)
rCorr    .         Harm     .   y - +1 pair of gloves
MR       +....                  (boots unavailable)
Stlth    ..........             L - amulet of regeneration
HPRegen  0.73/turn              X - ring "Zujemus" {rElec AC+4 SInv}
MPRegen  0.20/turn              o - ring of protection from fire

@: slowed, lightly drained, repel missiles, very slow
A: hooves 3, large bone plates 2, cold resistance 1, foul stench 1, icemail, rot
immunity, freezing cloud immunity
a: Upheaval, Elemental Force, Renounce Religion


You were on level 4 of the Spider Nest.
You worshipped Qazlal.
Qazlal was greatly pleased with you.
You were not hungry.

You visited 4 branches of the dungeon, and saw 27 of its levels.
You also visited: Bailey, Gauntlet and Ice Cave.

You collected 3085 gold pieces.
You spent 603 gold pieces at shops.

Inventory:

Hand Weapons
 h - a +5 scimitar of flaming (weapon)
 j - a +1 long sword of draining
 p - the +8 short sword of a sewer {vamp, rC+ MR+++ MP-9 Stlth+}
   (You found it on level 3 of the Spider Nest)

   It inflicts no extra harm, but heals its wielder when it wounds a living foe.
   It protects you from cold.
   It affects your resistance to hostile enchantments.
   It affects your magic capacity (-9).
   It makes you more stealthy.
 W - a +0 double sword of slicing
Missiles
 A - 23 javelins (quivered)
Armour
 y - a +1 pair of gloves (worn)
 F - the +2 hat of the Albatross (worn) {Str+4 Slay+3}
   (You found it in a Gauntlet)

   It affects your strength (+4).
   It affects your accuracy and damage with ranged weapons and melee attacks
   (+3).
 I - a +0 shield of poison resistance (worn)
 J - a +2 shield of fire resistance
 O - a +1 pair of boots of flying
 V - a +0 chain mail (worn)
 Y - a +0 shield of reflection
Jewellery
 i - an uncursed ring of resist corrosion
 o - a ring of protection from fire (right hand)
 K - an uncursed ring of protection from magic
 L - an amulet of regeneration (around neck)
 X - the ring "Zujemus" (left hand) {rElec AC+4 SInv}
   (You found it on level 6 of the Lair of Beasts)

   [ring of protection]

   It affects your AC (+4).
   It insulates you from electricity.
   It lets you see invisible.
Wands
 a - a wand of paralysis (7)
 r - a wand of acid (4)
 w - a wand of enslavement (1)
 B - a wand of digging (5)
Scrolls
 b - 3 scrolls of remove curse
 d - 2 scrolls of fog
 e - 4 scrolls of teleportation
 g - 2 scrolls of enchant weapon
 t - a scroll of summoning {unknown}
 v - 2 scrolls of immolation {unknown}
 C - 3 scrolls of magic mapping
 D - 3 scrolls of blinking
 G - a scroll of holy word {unknown}
 P - a scroll of vulnerability {unknown}
 Q - 4 scrolls of fear
 T - a scroll of silence
Potions
 c - a potion of resistance
 k - a potion of cancellation
 m - 4 potions of heal wounds
 n - a potion of magic {unknown}
 q - 3 potions of berserk rage
 s - 2 potions of flight
 u - 2 potions of haste
 z - 4 potions of agility
 E - 5 potions of curing
 M - 2 potions of lignification
 S - 2 potions of invisibility {unknown}
 U - 2 potions of brilliance
Miscellaneous
 l - a crystal ball of energy
 x - a lightning rod (3/4)
 H - a lamp of fire (inert)
 R - a phantom mirror
Comestibles
 f - 13 rations


   Skills:
 + Level 15.0(14.7) Fighting
 - Level 12.0(11.7) Long Blades
 - Level 2.0(1.8) Throwing
 + Level 12.9(12.6) Armour
 - Level 3.3(3.1) Dodging
 + Level 7.9(7.7) Shields
 + Level 14.4(14.1) Invocations
 + Level 13.7(13.4) Evocations


You had 16 spell levels left.
You didn't know any spells.
Your spell library contained the following spells:

 Spells                   Type           Power        Failure   Level  Hunger
 Confusing Touch          Hex            #.....       99%         1    ##.....
 Corona                   Hex            #......      99%         1    ##.....
 Sting                    Conj/Pois      #...         99%         1    ##.....
 Ensorcelled Hibernation  Hex/Ice        #.....       99%         2    ###....
 Poisonous Vapours        Pois/Air       #.....       99%         2    ###....
 Confuse                  Hex            #.......     100%        3    ####...
 Dazzling Spray           Conj/Hex       #.....       100%        3    ####...
 Gell's Gravitas          Tloc           #.........   100%        3    ####...
 Mephitic Cloud           Conj/Pois/Air  #.......     100%        3    ####...
 Recall                   Summ/Tloc      N/A          100%        3    ####...
 Tukima's Dance           Hex            #.......     100%        3    ####...
 Leda's Liquefaction      Hex/Erth       #.........   100%        4    #####..
 Olgreb's Toxic Radiance  Pois           #.......     100%        4    #####..
 Petrify                  Tmut/Erth      #.......     100%        4    #####..
 Aura of Abjuration       Summ           #.........   100%        5    ######.
 Bolt of Magma            Conj/Fire/Erth #.........   100%        5    ######.
 Iskenderun's Battlesphe  Conj/Chrm      #.......     100%        5    ######.
 Metabolic Englaciation   Hex/Ice        #.........   100%        5    ######.
 Summon Demon             Summ           #.........   100%        5    ######.
 Summon Forest            Summ/Tloc      #.........   100%        5    ######.
 Summon Mana Viper        Hex/Summ       #.......     100%        5    ######.
 Venom Bolt               Conj/Pois      #.........   100%        5    ######.
 Yara's Violent Unravell  Hex/Tmut       #.........   100%        5    ######.
 Iron Shot                Conj/Erth      #.........   100%        6    #######
 Shadow Creatures         Summ           N/A          100%        6    #######
 Statue Form              Tmut/Erth      #........    100%        6    #######
 Orb of Destruction       Conj           #.........   100%        7    #######
 Spellforged Servitor     Conj/Summ      #.........   100%        7    #######
 Shatter                  Erth           #.........   100%        9    #######


Dungeon Overview and Level Annotations

Branches:
Dungeon (15/15)            Temple (0/1) D:7            Lair (6/6) D:9
 Shoals (0/4) Lair:4       Spider (4/4) Lair:2        Slime (0/5) Lair:6
    Orc (2/2) D:10            Elf (0/3) Orc:2        Vaults (0/5) D:14
 Depths (0/5) D:15         Bailey (visited)           IceCv (visited)
Gauntlet (visited)

Altars:
Dithmenos
Elyvilon
Makhleb
Qazlal
Jiyva

Shops:
D:5 }   Orc:1 }[[%%   Orc:2 ::([

Annotations:
D:4 1 runed translucent door, Crazy Yiuf


Innate Abilities, Weirdness & Mutations

You have hooves in place of feet.
You are mostly covered in large bone plates. (SH +6)
Your flesh is cold resistant. (rC+)
You may emit foul miasma when damaged in melee.
A meltable icy envelope protects you from harm. (AC +10)
You are immune to rotting.
You are immune to freezing clouds.


Message History

The spectral wolf spider barely misses you.
Clouds arounds you coalesce and take form!
You block the death scarab's attack.
The death scarab bites you but does no damage.
The death scarab bites you!
* * * LOW HITPOINT WARNING * * *
The death scarab drains your vigour!
You feel as though you will be slow longer.
The death scarab draws strength from your injuries!
You block the spectral wolf spider's attack.
The spectral wolf spider bites you but does no damage.
The death scarab bites you!
* * * LOW HITPOINT WARNING * * *
The death scarab drains your vigour!
You feel as though you will be slow longer.
The death scarab draws strength from your injuries!
The spectral wolf spider closely misses you.
You block the spectral wolf spider's attack.
The death scarab bites you!
You die...

..#.^.#^.....*,#≈≈≈≈#≈≈≈≈.#
..##..'......*,###≈##≈#≈≈.#
^.#^..'......*,#.≈≈≈≈≈≈≈≈.#
..#...'.Z....*,#..≈≈≈≈≈≈..#
..#...'.Z....*,#≈≈≈≈≈≈≈≈..#
..#...s^^s...*,###≈≈#≈≈#..#
..#...#,,,,,,*,##s≈≈≈≈≈≈..#
..#...#,,,,,,,,#.E≈E#≈≈..^#
..#...##########@s.≈#.^...#
.^#....†^..#...sZ○..#^#...#
,,##.†........§E.#☼.#,,,,,*
,,#....#............#,,,,,*
,,###################,,,,,*
≈*,,,,,,,,,,≈≈≈*≈≈≈,,,,,,**
≈,,,,,,,,,,,,,≈≈≈≈≈≈≈,,,,,*
,,,,≈≈≈,*,,,*,,,,≈≈≈*≈,,,,*
,,,≈≈*≈≈,,,,,,,,,,≈≈≈≈,,,,*


You could see a spectral wolf spider, 3 death scarabs, a friendly earth
elemental and 2 friendly water elementals.

Vanquished Creatures
  Arachne (Spider:1)
  Rupert (D:13)
  Donald (Spider:3)
  3 ghost moths (Spider:4)
  7 emperor scorpions
  4 entropy weavers
  Azrael (D:14)
  Nessos (Lair:5)
  A spark wasp (Spider:4)
  A minotaur (Gauntlet)
  The ghost of Ruewk the Archer, a journeyman CeAM of Okawaru (Lair:5)
  An ettin (shapeshifter) (D:14)
  2 ice dragons (IceCv)
  5 hydras
  5 centaur warriors
  A catoblepas (Lair:6)
  A two-headed ogre (D:14)
  A deep troll shaman (Lair:6)
  3 death yaks (Lair:6)
  4 death scarabs (Spider:4)
  A vampire mage (D:15)
  2 tengu warriors
  4 orc high priests (Orc:2)
  6 skeletal warriors
  3 unseen horrors
  A wizard (Gauntlet)
  A shadow dragon zombie (D:15)
  A lindwurm (Lair:6)
  A spectral wolf spider (Spider:4)
  Pikel (D:4)
  An orc knight (Orc:1)
  A necromancer (D:15)
  A sphinx zombie (D:15)
  8 orb spiders
  21 wolf spiders
  3 orc sorcerers
  A deep elf mage (D:12)
  4 ugly things (D:15)
  4 cyclopes
  5 moths of wrath
  A frost giant skeleton (D:15)
  A merfolk siren (Lair:4)
  5 black mambas
  3 elephants (Lair:6)
  A gargoyle (D:14)
  A smoke demon (Gauntlet)
  2 torpor snails
  2 ice statues (IceCv)
  2 kobold demonologists
  4 spectral redbacks (Spider:4)
  15 spiny frogs
  16 demonic crawlers
  5 rime drakes
  A red devil (Gauntlet)
  32 jumping spiders
  3 komodo dragons
  9 trolls
  4 tyrant leeches (Spider:4)
  A tengu conjurer (D:14)
  Grinder (D:4)
  A spectral jumping spider (Spider:4)
  2 spectral tarantellas (Spider:4)
  7 polar bears
  2 hornets (Spider:4)
  14 blink frogs
  A jumping spider (shapeshifter) (D:14)
  7 hippogriffs
  3 slime creatures (D:13)
  50 redbacks
  An elf zombie (D:15)
  62 yaks
  2 shadows (D:12)
  31 tarantellas
  A tarantella (shapeshifter) (D:14)
  5 wyverns
  2 vampires
  2 wraiths
  3 fire elementals (D:14)
  2 hungry ghosts
  Menkaure (D:5)
  2 vampire mosquitoes (D:13)
  A steam dragon (D:9)
  A warg (Orc:1)
  2 acid dragons
  A hell hound (D:14)
  10 water moccasins
  3 porcupines
  4 spectral hornets (Spider:4)
  23 orc warriors
  4 sky beasts
  2 slaves (D:4)
  15 ice beasts
  2 black bears
  3 necrophages
  2 phantoms (D:5)
  14 ogres
  17 wolves
  10 centaurs
  5 crocodiles
  Blork the orc (D:5)
  2 big kobolds
  18 bullfrogs
  2 wyvern zombies
  3 gnoll sergeants (D:10)
  4 earth elementals
  2 wyvern skeletons
  9 killer bees
  3 scorpions
  7 wights
  2 howler monkeys (D:11)
  5 electric eels
  13 crimson imps
  9 hounds
  A quasit (D:10)
  22 orc priests
  4 bullfrog skeletons
  A bullfrog zombie (D:9)
  7 jellies
  7 centaur skeletons
  5 iguanas
  Ijyb (D:5)
  30 orc wizards
  13 worker ants
  2 hound zombies
  A hound skeleton (D:7)
  A worker ant zombie (D:6)
  2 howler monkey skeletons
  8 gnolls
  9 adders
  6 shadow imps
  3 white imps (Gauntlet)
  6 oozes
  An adder zombie (D:6)
  2 dart slugs (D:2)
  8 leopard geckos
  77 orcs
  4 giant cockroaches
  10 goblins
  8 hobgoblins
  6 quokkas
  A ball python (D:3)
  2 bats (D:1)
  3 frilled lizards
  23 kobolds
  35 rats
  A butterfly (Lair:3)
  2 plants
936 creatures vanquished.

Vanquished Creatures (collateral kills)
  A dire elephant (Lair:6)
  2 hydras
  A skeletal warrior (D:14)
  A wizard (Gauntlet)
  A hornet (D:14)
  A slime creature (D:13)
  A vampire mosquito (D:12)
  An orc wizard (Orc:2)
  A shadow imp (Gauntlet)
  A white imp (Gauntlet)
  A hobgoblin (Bailey)
12 creatures vanquished.

Vanquished Creatures (others)
  A spiny frog (Lair:6)
  A vampire mosquito (D:13)
  A howler monkey (D:10)
  A quasit (D:9)
  5 bushes (D:15)
  10 fungi
  3 plants
22 creatures vanquished.

Grand Total: 970 creatures vanquished

Notes
Turn   | Place    | Note
-------+----------+-------------------------------------------
     0 | D:1      | Mesmaeker13 the Demonspawn Gladiator began the quest for
                  | the Orb.
     0 | D:1      | Reached XP level 1. HP: 16/16 MP: 1/1
    39 | D:1      | Gained mutation: You are immune to rotting. [demonic
                  | ancestry]
    39 | D:1      | Reached XP level 2. HP: 22/22 MP: 2/2
   774 | D:2      | Found a burning altar of Makhleb.
   858 | D:2      | Gained mutation: Your flesh is cold resistant. (rC+)
                  | [demonic ancestry]
   858 | D:2      | Reached XP level 3. HP: 25/28 MP: 3/3
  1708 | D:3      | Reached XP level 4. HP: 22/34 MP: 4/4
  2013 | D:3      | You fall into a shaft and drop 1 floor!
  2061 | D:4      | Reached skill level 3 in Fighting
  2324 | D:4      | Reached skill level 1 in Armour
  2324 | D:4      | Reached XP level 5. HP: 41/41 MP: 5/5
  2554 | D:4      | Noticed Grinder
  2582 | D:4      | Paralysed by Grinder for 6 turns
  2595 | D:4      | Paralysed by Grinder for 3 turns
  2600 | D:4      | HP: 2/61 [Grinder (3)]
  2602 | D:4      | Paralysed by Grinder for 2 turns
  2608 | D:4      | Killed Grinder
  2608 | D:4      | Reached skill level 4 in Fighting
  2608 | D:4      | Gained mutation: You have large cloven feet. [demonic
                  | ancestry]
  2608 | D:4      | Reached XP level 6. HP: 5/48 MP: 6/6
  2943 | D:4      | Noticed a slave
  2944 | D:4      | Noticed Pikel
  2944 | D:4      | Noticed a slave
  2944 | D:4      | Noticed a slave
  3612 | D:4      | Noticed a slave
  3633 | D:4      | Killed a slave
  3655 | D:4      | Killed a slave
  4252 | D:4      | Killed Pikel
  4252 | D:4      | Reached skill level 5 in Fighting
  4252 | D:4      | Reached skill level 5 in Long Blades
  4252 | D:4      | Gained mutation: You are partially covered in large bone
                  | plates. (SH +4) [demonic ancestry]
  4252 | D:4      | Reached XP level 7. HP: 50/56 MP: 7/7
  4391 | D:4      | Found a runed translucent door.
  4392 | D:4      | Noticed Crazy Yiuf
  4582 | D:5      | Entered Level 5 of the Dungeon
  4947 | D:5      | Noticed Blork the orc
  5119 | D:5      | Reached XP level 8. HP: 62/63 MP: 8/8
  5146 | D:5      | Found Ocisegh's Gadget Emporium.
  5844 | D:5      | Noticed Ijyb
  5865 | D:5      | Killed Ijyb
  5865 | D:5      | Reached skill level 6 in Fighting
  6115 | D:5      | Noticed Menkaure
  6122 | D:5      | Killed Menkaure
  6122 | D:5      | Reached skill level 5 in Armour
  6318 | D:5      | Killed Blork the orc
  6657 | D:6      | Found a stormy altar of Qazlal.
  6936 | D:6      | Became a worshipper of Qazlal Stormbringer
  7146 | D:6      | Reached skill level 7 in Fighting
  7146 | D:6      | Gained mutation: You may emit foul miasma when damaged in
                  | melee. [demonic ancestry]
  7146 | D:6      | Reached XP level 9. HP: 18/72 MP: 9/9
  8082 | D:7      | Reached skill level 1 in Evocations
  9496 | D:7      | Reached * piety under Qazlal
  9625 | D:7      | Found a staircase to the Ecumenical Temple.
 10817 | D:9      | Found a staircase to the Lair.
 10865 | D:9      | Found a flagged portal.
 10896 | Bailey   | Entered a bailey
 10970 | Bailey   | Noticed an orc warlord
 11173 | Bailey   | Reached skill level 8 in Fighting
 11177 | Bailey   | Reached ** piety under Qazlal
 11355 | Bailey   | Found a runed translucent gate.
 11357 | Bailey   | Found a runed translucent gate.
 11358 | Bailey   | Found a runed translucent gate.
 12294 | D:9      | Gained mutation: You are immune to freezing clouds.
                  | [demonic ancestry]
 12294 | D:9      | Reached XP level 10. HP: 80/80 MP: 12/12
 12459 | D:10     | Entered Level 10 of the Dungeon
 12758 | D:10     | Reached skill level 1 in Shields
 12937 | D:10     | Reached *** piety under Qazlal
 13441 | D:10     | Reached skill level 5 in Evocations
 13542 | D:10     | Reached skill level 9 in Fighting
 13903 | D:10     | Found a staircase to the Orcish Mines.
 14344 | D:10     | Identified a scroll of acquirement
 14346 | D:10     | Reached skill level 10 in Fighting
 14346 | D:10     | Reached skill level 5 in Shields
 14346 | D:10     | Reached XP level 11. HP: 83/90 MP: 14/16
 14350 | D:10     | Got a brightly glowing buckler
 14361 | D:10     | Identified the +2 buckler "Luul" {-Cast rC++ Str+4} (You
                  | acquired it on level 10 of the Dungeon)
 14380 | D:10     | Reached **** piety under Qazlal
 14841 | D:11     | Reached XP level 12. HP: 51/97 MP: 17/17
 15575 | D:11     | Found a burning altar of Makhleb.
 16102 | D:12     | Reached skill level 10 in Long Blades
 16201 | D:12     | Reached ***** piety under Qazlal
 16202 | D:12     | Found a frozen archway.
 16208 | IceCv    | Entered an ice cave
 16503 | IceCv    | Reached skill level 11 in Fighting
 16706 | IceCv    | Noticed an ice dragon
 16710 | IceCv    | Noticed an ice dragon
 16714 | IceCv    | Killed an ice dragon
 16724 | IceCv    | Killed an ice dragon
 17799 | Lair:1   | Entered Level 1 of the Lair of Beasts
 17839 | Lair:1   | Reached skill level 5 in Invocations
 17924 | Lair:1   | Gained mutation: You are mostly covered in large bone
                  | plates. (SH +6) [demonic ancestry]
 17924 | Lair:1   | Reached XP level 13. HP: 106/106 MP: 19/19
 18070 | Lair:1   | Found a gate leading to a gauntlet.
 18082 | Gauntlet | Entered a Gauntlet
 18082 | Gauntlet | Found a transporter.
 18089 | Gauntlet | Found a transporter.
 18091 | Gauntlet | Found a transporter.
 18101 | Gauntlet | Found a transporter.
 18102 | Gauntlet | Found a transporter.
 18110 | Gauntlet | Found a transporter.
 18125 | Gauntlet | Found a runed translucent gate.
 18126 | Gauntlet | Found a transporter.
 18126 | Gauntlet | Found a runed translucent gate.
 18127 | Gauntlet | Found a runed translucent gate.
 18136 | Gauntlet | Found a transporter.
 18143 | Gauntlet | Found a runed translucent door.
 18147 | Gauntlet | Found a transporter.
 18160 | Gauntlet | Found a transporter.
 18169 | Gauntlet | Found a transporter.
 18172 | Gauntlet | Found a transporter.
 18244 | Gauntlet | Found a transporter.
 18365 | Gauntlet | Got a crude hat
 18376 | Gauntlet | Identified the +2 hat of the Albatross {Str+4 Slay+3} (You
                  | found it in a Gauntlet)
 18440 | Gauntlet | Noticed a minotaur
 18444 | Gauntlet | Killed a minotaur
 18888 | Lair:1   | Found a shadowy altar of Dithmenos.
 19421 | Lair:2   | Found a hole to the Spider Nest.
 19743 | Lair:2   | Got an ivory battleaxe
 19788 | Lair:2   | Reached skill level 10 in Evocations
 20183 | Lair:3   | Reached skill level 12 in Fighting
 20361 | Lair:3   | Reached ****** piety under Qazlal
 20380 | Lair:3   | Got a brightly glowing trident
 20747 | Lair:3   | Identified the +10 battleaxe of Disharmony {protect,
                  | *Contam rElec rC+++} (You found it on level 2 of the Lair
                  | of Beasts)
 21515 | Lair:4   | Found a staircase to the Shoals.
 21778 | Lair:5   | Gained mutation: You have hoof-like feet. [demonic
                  | ancestry]
 21778 | Lair:5   | Reached XP level 14. HP: 104/115 MP: 21/21
 21779 | Lair:5   | Noticed Nessos
 21792 | Lair:5   | Killed Nessos
 21821 | Lair:5   | Reached skill level 10 in Armour
 22015 | Lair:5   | Identified the +2 trident "Cuhea" {holy, rElec rC- Str+6
                  | Dex+2} (You found it on level 3 of the Lair of Beasts)
 22165 | Lair:5   | Found a runed translucent gate.
 22165 | Lair:5   | Found a runed translucent gate.
 22165 | Lair:5   | Found a runed translucent gate.
 22165 | Lair:5   | Noticed Ruewk's ghost (journeyman CeAM)
 22478 | Lair:5   | Killed Ruewk's ghost
 22511 | Lair:6   | Entered Level 6 of the Lair of Beasts
 22990 | Lair:6   | Found a white marble altar of Elyvilon.
 23452 | Lair:6   | Got a fine turquoise ring
 23528 | Lair:6   | Found a viscous altar of Jiyva.
 23528 | Lair:6   | Found a staircase to the Slime Pits.
 23536 | Lair:6   | Identified the ring "Zujemus" {rElec AC+4 SInv} (You found
                  | it on level 6 of the Lair of Beasts)
 23814 | D:13     | Reached skill level 10 in Invocations
 24336 | D:14     | Reached skill level 13 in Fighting
 24384 | D:14     | Noticed Rupert
 24411 | D:13     | Killed Rupert
 24518 | D:14     | Noticed Azrael
 24530 | D:14     | Killed Azrael
 24714 | D:14     | Found a gate to the Vaults.
 24717 | D:14     | Gained mutation: You have hooves in place of feet. [demonic
                  | ancestry]
 24717 | D:14     | Reached XP level 15. HP: 123/124 MP: 23/23
 25205 | D:15     | Entered Level 15 of the Dungeon
 25538 | D:15     | Found a staircase to the Depths.
 26123 | Orc:1    | Entered Level 1 of the Orcish Mines
 26140 | Orc:1    | Found Apik Lam's Food Shop.
 26201 | Orc:2    | Entered Level 2 of the Orcish Mines
 26243 | Orc:1    | Found Vakyr's Food Shop.
 26247 | Orc:1    | Found Tapilo's Antique Armour Emporium.
 26292 | Orc:1    | Found Kerin's Armour Shoppe.
 26374 | Orc:1    | Found Qimoud's Gadget Shop.
 26436 | Orc:1    | Found a dark tunnel.
 27150 | Orc:2    | Found a staircase to the Elven Halls.
 27184 | Orc:2    | Paralysed by an orc sorcerer for 2 turns
 27466 | Orc:2    | Found Sedicare's Armour Emporium.
 27466 | Orc:2    | Found Vefu's Antique Weapon Emporium.
 27467 | Orc:2    | Found Zaibiuke's Book Shoppe.
 27470 | Orc:2    | Found Zeameyng's Book Shoppe.
 27478 | Orc:2    | Bought a transparent long sword for 178 gold pieces
 27479 | Orc:2    | Identified the cursed +0 long sword of Vimydaf {elec,
                  | Str+4} (You bought it in a shop on level 2 of the Orcish
                  | Mines)
 27797 | Orc:1    | Bought a fine scale mail for 306 gold pieces
 27808 | Orc:1    | Identified the cursed +1 scale mail of Mepor {+Fly} (You
                  | bought it in a shop on level 1 of the Orcish Mines)
 27849 | Orc:1    | Bought a +0 shield of poison resistance for 119 gold pieces
 28004 | Spider:1 | Entered Level 1 of the Spider Nest
 28170 | Spider:1 | Reached skill level 14 in Fighting
 29279 | Spider:1 | Gained mutation: A meltable icy envelope protects you from
                  | harm. (AC +10) [demonic ancestry]
 29279 | Spider:1 | Reached XP level 16. HP: 126/133 MP: 25/25
 29314 | Spider:2 | Noticed Arachne
 29334 | Spider:1 | Killed Arachne
 30294 | Spider:3 | Noticed Donald
 30314 | Spider:3 | Killed Donald
 30663 | Spider:3 | Got a bloodstained short sword
 30664 | Spider:3 | Identified the +8 short sword of a sewer {vamp, rC+ MR+++
                  | MP-9 Stlth+} (You found it on level 3 of the Spider Nest)
 30689 | Spider:4 | Entered Level 4 of the Spider Nest
 32003 | Spider:4 | Reached XP level 17. HP: 79/140 MP: 19/27
 32157 | Spider:4 | Reached skill level 15 in Fighting
 32179 | Spider:4 | HP: 5/142 [death scarab (16)]
 32179 | Spider:4 | Mangled by a death scarab

Levels and vault maps discovered:
D:1:      erik_arrival_orb_chamber, layout_loops_ring, serial_bayou_ford_a,
          minivault_19, dk_noncrumbling_4
D:2:      layout_rooms, bloody_makhleb, serial_curves, eino_curves_03,
          eino_curves_01, minmay_rat_hole
D:3:      layout_rooms, first_ration
D:4:      layout_basic, minmay_misc_feat_nine_boxes, nrook_mini_backslash,
          uniq_crazy_yiuf_cottage, uniq_grinder, uniq_pikel
D:5:      layout_loops_corners, serial_shops, shop_statue, uniq_menkaure,
          uniq_ijyb, uniq_blork_the_orc
D:6:      minmay_cornered_nines, layout_layer_cave, basic_altar
D:7:      layout_basic, minmay_temple_entry_enclosed_plants
D:8:      layout_cave_pods
D:9:      layout_loops_corners, lair_entry_dummy, enter_bailey_2
D:10:     layout_roguey, kennysheep_orc_monster_closet_entryway,
          hangedman_little_slice_of_home
D:11:     layout_basic, basic_altar
D:12:     layout_stronghold, portal_ice_cave_rime, hangedman_decor_lopped,
          minmay_crystal_room
D:13:     layout_cave_pools, grunt_ministairs_1
D:14:     layout_cave_pods, david_vaults_2, minivault_23, minivault_25,
          uniq_rupert, uniq_azrael
D:15:     gammafunk_depths_entry_grave, layout_cave_pools, serial_park_paths
          [serial_park_minivault_5x5_6]
Lair:1:   layout_chaotic_city, basic_altar, gauntlet_entry_generic
Lair:2:   layout_cave_pods, spider_nest_entry_webs, cheibrodos_lair_lostbears,
          serial_bayou_shore_b
Lair:3:   layout_regular_city, lemuel_fruit_tree, grunt_megastairs_3,
          lemuel_fruit_fields
Lair:4:   layout_regular_city, minmay_shoals_entry_lonely_mermaid,
          chequers_serial_rivers_micro_e
Lair:5:   layout_regular_city, ebering_ghost_rock_garden, uniq_nessos
Lair:6:   grunt_lair_end_beastmaster, layout_misc_corridors,
          dpeg_slime_entry_enclosed_altar, basic_altar
Spider:1: layout_spider_delve
Spider:2: layout_spider_delve, hangedman_spider_tarantella_strand, uniq_arachne
Spider:3: layout_spider_delve, nicolae_spider_webs_and_nodes, uniq_donald
Spider:4: floodkiller_spider_rune_tomb, hangedman_stitches_earthworm
Orc:1:    layout_diamond_mine, serial_shops, shop, shop, shop,
          nicolae_shop_stone, nicolae_shop_temple_entry_statues_fountains,
          nicolae_volcano_entry_s_turn
Orc:2:    st_orc_mages, layout_diamond_mine, minmay_orc_keep

Skill      XL: |  1  2  3  4  5  6  7  8  9 10 11 12 13 14 15 16 17 |
---------------+----------------------------------------------------+-----
Throwing       | 2 |  2.0
Dodging        | 3 |  3.3
Long Blades    | 3 4 5 6 7 9 10 11 12 | 12.0
Fighting       | 3 4 5 7 8 10 11 12 13 14 15 | 15.0
Armour         | 1 2 3 4 5 6 7 8 9 11 12 | 12.9
Evocations     | 3 7 9 10 11 12 13 | 13.7
Shields        | 5 7 |  7.9
Invocations    | 4 5 8 10 12 14 | 14.4

Action                   |  1- 3 |  4- 6 |  7- 9 | 10-12 | 13-15 | 16-18 || total
-------------------------+-------+-------+-------+-------+-------+-------++-------
Melee: Long sword        |   121 |   111 |   549 |   742 |   728 |       ||  2251
       Kick              |       |    18 |   178 |   299 |   223 |   193 ||   911
       Scimitar          |       |       |       |    22 |   437 |   464 ||   923
Throw: Dart              |       |    34 |    53 |    21 |     1 |       ||   109
       Throwing net      |       |     7 |       |       |       |       ||     7
       Javelin           |       |       |       |     5 |     4 |     3 ||    12
Invok: Elemental Force   |       |       |       |       |     9 |     5 ||    14
       Upheaval          |       |       |       |       |     4 |    10 ||    14
       Disaster Area     |       |       |       |       |     1 |     2 ||     3
Evoke: Wand              |       |       |    10 |    24 |    46 |     8 ||    88
       Lamp of fire      |       |       |     1 |     1 |     5 |     2 ||     9
       Lightning rod     |       |       |       |       |    14 |     7 ||    21
  Use: Potion            |       |     5 |     1 |     2 |    10 |     1 ||    19
       Scroll            |       |     6 |     8 |     7 |    15 |     7 ||    43
 Stab: Held in net/web   |       |     1 |       |       |     1 |       ||     2
       Invisible         |       |       |     3 |     1 |       |       ||     4
       Paralysed         |       |       |       |    37 |       |       ||    37
       Distracted        |       |       |       |       |     1 |     1 ||     2
  Eat: Chunk             |     3 |     5 |    19 |    10 |    11 |     3 ||    51
       Ration            |       |     1 |     2 |     3 |     8 |     2 ||    16
Armor: Leather armour    |     5 |       |       |       |       |       ||     5
       Ring mail         |    56 |    18 |       |       |       |       ||    74
       Skin              |       |    14 |     3 |       |    12 |       ||    29
       Scale mail        |       |    10 |    46 |       |       |       ||    56
       Chain mail        |       |       |   192 |   197 |   378 |   367 ||  1134
       Ice dragon scales |       |       |       |       |    65 |       ||    65
Dodge: Dodged            |    98 |    63 |   180 |   140 |   285 |   173 ||   939
       Deflected         |       |       |       |     4 |    14 |       ||    18
Block: Other             |       |       |     1 |       |       |       ||     1
       Buckler           |       |       |   242 |   448 |   997 |       ||  1687
       Shield            |       |       |       |       |   265 |   718 ||   983
       Rpst.: Long sword |    25 |    20 |    45 |    31 |    45 |       ||   166
       Scimitar          |       |       |       |       |    23 |    32 ||    55
